AoeStats
← Joaquito

Arena

508246442Analyzed
3v3 RM · 10d ago on Sep 21, 2026· 40m 14s· 6 players
Game mode
Random Map
Map size
Normal (6 player)
Population
200
Speed
Normal
Resources
Standard
Victory
Conquest
Starting age
Dark Age
Ending age
Imperial Age
RankedLock teamsTeams togetherTeam positionsShared explorationLock speedFull tech treeHidden civsTurbo modeCheats
Victory
Defeat
🇨🇱 Ethiopians · Chile
1124
+13
🇨🇱 Cumans · Chile
1059
+16
🇨🇱 Turks · Chile
1001
+18
🇹🇼 Armenians · Taiwan
1068
-16
🇹🇼 Japanese · Taiwan
1060
-16
🇹🇼 Britons · Taiwan
1027
-15
Scan
7:44 Loom
10:51 Feudal Age
13:04 Double-Bit Axe
16:36 Castle Age
15:45 Horse Collar
17:56 Bow Saw
18:28 Heavy Plow
24:15 Elite Skirmisher
31:24 Imperial Age
28:32 Pikeman
29:17 Squires
29:32 Gold Mining
31:48 Wheelbarrow
30:56 Halberdier
33:17 Fletching
34:25 Bodkin Arrow
34:54 Ballistics
35:35 Chemistry
34:47 Masonry
35:40 Hand Cart
35:46 Bracer
35:46 Padded Archer Armor
Wilson
9:13 Loom
10:59 Feudal Age
12:29 Double-Bit Axe
15:03 Castle Age
16:21 Bow Saw
22:44 Crossbowman
25:50 Horse Collar
26:48 Wheelbarrow
25:58 Elite Skirmisher
26:33 Fletching
27:21 Heavy Plow
27:36 Bodkin Arrow
28:44 Padded Archer Armor
29:17 Ballistics
31:48 Leather Archer Armor
31:35 Pikeman
32:17 Scale Mail Armor
35:59 Imperial Age
33:47 Hand Cart
33:46 Forging
33:51 Chain Mail Armor
33:52 Fortified Wall
34:41 Squires
35:13 Yeomen
36:09 Onager
39:13 Chemistry
37:37 Arbalester
40:10 Halberdier
TwoLight
9:35 Loom
11:21 Feudal Age
13:06 Loom
16:03 Castle Age
16:55 Double-Bit Axe
21:50 Bow Saw
21:23 Horse Collar
36:09 Imperial Age
35:37 Scale Mail Armor
35:47 Forging
37:06 Wheelbarrow
37:15 Conscription
39:33 Ballistics
cacadecaca38
10:02 Feudal Age
12:34 Double-Bit Axe
12:44 Gold Mining
12:38 Horse Collar
24:31 Castle Age
23:34 Bloodlines
23:35 Scale Barding Armor
25:19 Forging
26:29 Bow Saw
28:49 Wheelbarrow
30:15 Capped Ram
31:41 Hand Cart
34:39 Gold Shaft Mining
35:16 Iron Casting
37:43 Padded Archer Armor
39:04 Chain Barding Armor
Drookns
10:53 Feudal Age
14:34 Castle Age
13:31 Double-Bit Axe
16:42 Bloodlines
16:53 Loom
24:05 Wheelbarrow
24:14 Bow Saw
23:47 Horse Collar
24:28 Husbandry
25:57 Hand Cart
29:39 Imperial Age
29:28 Padded Archer Armor
29:24 Gold Mining
29:38 Heavy Plow
32:22 Leather Archer Armor
32:32 Scale Barding Armor
32:37 Forging
37:03 Chain Barding Armor
37:19 Iron Casting
37:15 Ring Archer Armor
Joaquito
1:34 Loom
7:55 Loom
9:59 Feudal Age
10:43 Double-Bit Axe
14:54 Fletching
19:54 Gold Mining
22:35 Castle Age
20:41 Padded Archer Armor
20:46 Stone Mining
21:37 Horse Collar
23:31 Bow Saw
23:21 Bodkin Arrow
23:12 Crossbowman
28:29 Thumb Ring
34:43 Imperial Age
34:30 Ballistics
36:06 Wheelbarrow
36:35 Chemistry
35:53 Leather Archer Armor
38:07 Conscription
38:52 Arbalester
Connection lost

Rejoining the realm…

Still unreachable

The connection could not be restored.

Session expired

The server has moved on; the page needs a fresh start.